 Dungeon Crawl Stone Soup version 0.31-a0-667-g39726597b9 (webtiles) character file.

Game seed: 1871403230781456299

9 Essalna the Conjurer (level 2, 20/20 HPs)
             Began as a Demonspawn Conjurer on Sept 4, 2023.
             Got out of the dungeon alive.
             The game lasted 00:00:33 (316 turns).

Essalna the Conjurer (Demonspawn Conjurer)           Turns: 316, Time: 00:00:34

Health: 20/20      AC:  2    Str:  7    XL:     2   Next: 6%
Magic:  5/5        EV: 12    Int: 19    God:
Gold:   18         SH:  0    Dex: 11    Spells: 4/5 levels left

rFire   . . .        (no weapon)
rCold   . . .        (no shield)
rNeg    . . .        a - +0 robe
rPois   .            (no helmet)
rElec   .            (no cloak)
rCorr   .            (no gloves)
SInv    .            (no boots)
Will    .....        (no amulet)
Stlth   ++           (no ring)
HPRegen 0.23/turn    (no ring)
MPRegen 0.09/turn

%: no passive effects
@: no status effects
A: foul stench 1
a: no special abilities


You escaped.
You visited 1 branch of the dungeon, and saw 1 of its levels.

You collected 18 gold pieces.

Inventory:

Armour
 a - a +0 robe (worn)
Potions
 b - a potion of magic


   Skills:
 + Level 0.9 Fighting
 - Level 1.7 Dodging
 - Level 1.7 Stealth
 + Level 2.2 Spellcasting
 + Level 4.1 Conjurations


You had 4 spell levels left.
You knew the following spells:

 Your Spells              Type           Power      Damage    Failure   Level
a - Magic Dart            Conj           68%        1d6       3%          1

Your spell library contained the following spells:

 Spells                   Type           Power      Damage    Failure   Level
 Searing Ray              Conj           34%        2d5       4%          2
 Dazzling Flash           Conj/Hex       20%        N/A       22%         3
 Fulminant Prism          Conj/Hex       5%         3d7       56%         4
 Iskenderun's Mystic Bla  Conj/Tloc      10%        2d4       56%         4


Dungeon Overview and Level Annotations

Branches:
Dungeon (1/15)

Altars:


Innate Abilities, Weirdness & Mutations

You may rarely emit foul miasma when damaged in melee.


Message History

Found a stone staircase leading down.
You open the large door.
There is a large open door here.
Key pressed, stopping explore.
There is a large open door here.
Key pressed, stopping explore.
Key pressed, stopping explore.
A goblin comes into view. It is wielding a +0 club.
A goblin is nearby!
A goblin is nearby!
The magic dart hits the goblin.
You kill the goblin!
You have reached level 2!
Your demonic ancestry asserts itself...
You begin to emit a foul stench of rot and decay.
A kobold comes into view. It is wielding a +0 whip.
Found 5 poisoned darts.
The kobold shouts!
A kobold is nearby!
A kobold is nearby!
A kobold is nearby!
The magic dart hits the kobold.
The kobold is severely wounded.
The magic dart hits the kobold.
You kill the kobold!
You can't see any susceptible monsters within range! (Use Z to cast anyway.)
You can't see any susceptible monsters within range! (Use Z to cast anyway.)
Things that are here:
a +0 whip; a kobold corpse
Found 5 stones.
You see here a +0 club.
A rat comes into view.
The magic dart hits the rat.
The rat is heavily wounded.
The magic dart hits the rat.
You kill the rat!
You can't see any susceptible monsters within range! (Use Z to cast anyway.)
You can't see any susceptible monsters within range! (Use Z to cast anyway.)
There is a staircase leading out of the dungeon here.
You have escaped!

................######...........
.#...####........................
.#...# #.#..#.......#...#.......
.....####...###.....###..#.......
.............#.......#...#...l...
.........................#.......
.#...............#>......#+#.##..
.#..............###........... ..
######....#.....@#..........#
............................#
.............#.......#........
............###.....###.......
..(..........#.......# ......
.......................
........................
...........####.........
............ ..


There were no monsters in sight!

Vanquished Creatures
  2 bats (D:1)
  2 goblins (D:1)
  2 jackals (D:1)
  A kobold (D:1)
  A rat (D:1)
8 creatures vanquished.

Notes
Turn   | Place    | Note
-------+----------+-------------------------------------------
     0 | D:1      | Essalna the Demonspawn Conjurer began the quest for the
                  | Orb.
     0 | D:1      | Reached XP level 1. HP: 13/13 MP: 3/3
   239 | D:1      | Gained mutation: You may rarely emit foul miasma when
                  | damaged in melee. [demonic ancestry]
   239 | D:1      | Reached XP level 2. HP: 20/20 MP: 3/5
   316 | D:$      | Got out of the dungeon alive.

Illustrated notes

Levels and vault maps discovered:
D:1:      minmay_arrival_five_plusses, layout_basic, serial_shops, shop,
          minmay_indecisive_spiral

Action                     || total
---------------------------++-------
  Melee: Unarmed           ||    13
         Punch             ||     1
   Cast: Magic Dart        ||    16
    Use: Scroll            ||     1
 Armour: Robe              ||    10
  Dodge: Dodged            ||    16

Table legend: (Time is in decaauts)
 A = Elapsed time spent in this place.
 B = Non-inter-level travel time spent in this place.
 C = Inter-level travel time spent in this place.
 D = Time resting spent in this place.
 E = Time spent auto-exploring this place.
 F = Levels seen in this place.
 G = Mean time per level.
                   A        B        C        D        E       F      G
               +--------+--------+--------+--------+--------+-----+--------+
         Total |    316 |    297 |     19 |      0 |    237 |   1 |  316.0 |
       Dungeon |    316 |    297 |     19 |      0 |    237 |   1 |  316.0 |
               +--------+--------+--------+--------+--------+-----+--------+

Top non-repeatable levels by time:
     D:1: 316 daAuts
